 Dungeon Crawl Stone Soup version 0.29.1-12-g30fa7ad0bf (webtiles) character file.

Game seed: 14432726951181537293

161 sillycutie the Chopper (level 5, 0/47 HPs)
             Began as a Minotaur Berserker on Jan 9, 2023.
             Was a Believer of Trog.
             Slain by a gnoll
             ... wielding a +0 spear
              (3 damage)
             ... on level 3 of the Dungeon.
             The game lasted 00:30:25 (2650 turns).

sillycutie the Chopper (Minotaur Berserker)         Turns: 2650, Time: 00:30:27

Health: 0/47       AC: 11    Str: 23    XL:     5   Next: 18%
Magic:  4/4        EV:  7    Int:  4    God:    Trog [**....]
Gold:   88         SH:  0    Dex: 10    Spells: 4/4 levels left

rFire   . . .      SeeInvis .   a - +0 hand axe
rCold   + . .      Faith    .   (no shield)
rNeg    . . .      Spirit   .   o - +0 plate armour
rPois   .          Reflect  .   (helmet restricted)
rElec   .          Harm     .   (no cloak)
rCorr   .          Rampage  .   (no gloves)
Will    .....                   (no boots)
Stlth   ..........              (no amulet)
HPRegen 0.15/turn               h - ring of protection from cold
MPRegen 0.09/turn               (no ring)

@: no status effects
A: horns 2, retaliatory headbutt
a: Renounce Religion, Berserk, Trog's Hand


You were on level 3 of the Dungeon.
You worshipped Trog.
Trog was pleased with you.
You visited 1 branch of the dungeon, and saw 3 of its levels.

You collected 88 gold pieces.

Inventory:

Hand Weapons
 a - a +0 hand axe (weapon)
Armour
 b - a +0 animal skin
 o - a +0 plate armour (worn)
Jewellery
 h - a ring of protection from cold (left hand)
Scrolls
 e - a scroll of identify
 j - a scroll of enchant armour {unknown}
 k - a scroll of acquirement {unknown}
 l - a scroll of brand weapon {unknown}
 m - a scroll of amnesia {unknown}
 n - 2 scrolls of vulnerability {unknown}
 p - a scroll of poison {unknown}
Potions
 g - a potion of flight


   Skills:
 + Level 4.8 Fighting
 + Level 5.6 Axes
 + Level 2.9 Armour
 + Level 2.8 Dodging
 + Level 0.8 Stealth


You had 4 spell levels left.
You didn't know any spells.
Your spell library was empty.

Dungeon Overview and Level Annotations

Branches:
Dungeon (3/15)

Altars:


Innate Abilities, Weirdness & Mutations

You have a pair of horns on your head.
You reflexively headbutt those who attack you in melee.


Message History

[Y]es or [N]o only, please.
Really attack while wielding nothing?
Okay, then.
You are too injured to fight recklessly!
Really attack while wielding nothing?
You hit the orc wizard.
The orc wizard is severely wounded.
The orc wizard hits you but does no damage.
The gnoll closely misses you.
You hit the orc wizard.
The orc wizard is almost dead.
The gnoll hits you but does no damage.
The orc wizard mumbles some strange words.
The orc wizard flickers and vanishes!
Deactivating autopickup; reactivate with Ctrl-A.
Autopickup is now on.
Deactivating autopickup; reactivate with Ctrl-A.
You hit something.
The gnoll hits you from afar with a +0 spear.
* * * LOW HITPOINT WARNING * * *
Something hits you but does no damage.
You are too injured to fight recklessly!
You closely miss something. The gnoll hits you but does no damage.
Something hits you.
* * * LOW HITPOINT WARNING * * *
a - a +0 hand axe (weapon)
You miss something. Your headbutt misses something.
The gnoll hits you but does no damage. Something hits you.
* * * LOW HITPOINT WARNING * * *
You barely miss something. Your headbutt misses something.
The gnoll hits you from afar with a +0 spear.
* * * LOW HITPOINT WARNING * * *
Something hits you but does no damage.
You hit something but do no damage. You headbutt something.
Trog accepts your kill.
Trog appreciates your killing of a magic user.
Reactivating autopickup.
You feel a bit more experienced.
The gnoll hits you from afar with a +0 spear.
You die...

#.##.#
#......#
##.##.#
#.##..##
#.....#
... #.>#
#..####
.# #..
#.)# #..
#..# #..#
#..# #.@#
#.)####
#..g..#
#))...#
#.))..#
....####
.......
.......##
........


You could see a gnoll.

Vanquished Creatures
  An iguana (D:3)
  An orc wizard (D:3)
  5 adders (D:2)
  2 gnolls (D:3)
  A worm (D:2)
  2 dart slugs
  4 orcs (D:3)
  3 endoplasms (D:2)
  A giant cockroach (D:1)
  8 goblins
  5 hobgoblins
  2 jackals (D:1)
  5 kobolds
  2 quokkas
  3 ball pythons
  7 bats
  7 frilled lizards
  2 rats
61 creatures vanquished.

Vanquished Creatures (others)
  A fungus (D:2)
  A plant (D:2)
2 creatures vanquished.

Grand Total: 63 creatures vanquished

Notes
Turn   | Place    | Note
-------+----------+-------------------------------------------
     0 | D:1      | sillycutie the Minotaur Berserker began the quest for the
                  | Orb.
     0 | D:1      | Reached XP level 1. HP: 19/19 MP: 0/0
   224 | D:1      | Reached XP level 2. HP: 27/27 MP: 1/1
   232 | D:1      | Reached skill level 4 in Axes
  1094 | D:2      | Reached XP level 3. HP: 29/33 MP: 2/2
  1187 | D:2      | Found a faded altar of an unknown god.
  1226 | D:2      | Reached ** piety under Trog
  1524 | D:2      | Reached XP level 4. HP: 40/41 MP: 3/3
  1832 | D:2      | Reached skill level 5 in Axes
  2595 | D:3      | Reached XP level 5. HP: 32/47 MP: 4/4
  2650 | D:3      | Slain by a gnoll

Illustrated notes

Levels and vault maps discovered:
D:1:      minmay_arrival_open_corners, layout_rooms, minmay_misc_feat_iff,
          minmay_tree_intersection, minmay_misc_feat_five
D:2:      minmay_spotlight, layout_basic,
          dreamdust_ecumenical_altar_hidden_monk_grotto, minmay_tromino_v4_b
D:3:      layout_basic, lemuel_doored_altar, uniq_pargi

Skill      XL: |  1  2  3  4 |
---------------+-------------+-----
Axes           | 4 5 |  5.6
Fighting       | 4 |  4.8
Armour         | |  2.9
Dodging        | |  2.8
Stealth        | |  0.8

Action                   |  1- 3 |  4- 6 || total
-------------------------+-------+-------++-------
Melee: Hand axe          |    70 |    70 ||   140
       Headbutt          |     6 |     8 ||    14
       Punch             |       |     1 ||     1
       Unarmed           |       |    13 ||    13
  Use: Potion            |       |     4 ||     4
       Scroll            |       |     2 ||     2
Armor: Animal skin       |    25 |     2 ||    27
       Plate armour      |       |    36 ||    36
       Skin              |       |    35 ||    35
Dodge: Dodged            |    42 |    31 ||    73
